 Dungeon Crawl Stone Soup version 0.26.1-11-gd32895ea62 (webtiles) character file.

Game seed: 927008427281610545

44 rhet the Skirmisher (level 3, -1/31 HPs)
             Began as a Demigod Fighter on June 25, 2021.
             Slain by an adder (3 damage)
             ... on level 2 of the Dungeon.
             The game lasted 00:02:46 (1155 turns).

rhet the Skirmisher (Demigod Fighter)               Turns: 1155, Time: 00:02:46

Health: -1/31      AC:  6    Str: 20 (21) XL:     3   Next: 23%
Magic:  5/5        EV:  7    Int: 10 (12) God:
Gold:   139        SH:  9    Dex: 12 (15) Spells: 2/2 levels left

rFire    . . .     SeeInvis .   a - +0 flail
rCold    . . .     Faith    .   c - +0 kite shield
rNeg     . . .     Spirit   .   b - +0 scale mail
rPois    .         Reflect  .   (no helmet)
rElec    .         Harm     .   (no cloak)
rCorr    .         Rampage  .   (no gloves)
Will     .....                  (no boots)
Stlth    ..........             (no amulet)
HPRegen  0.10/turn              (no ring)
MPRegen  0.09/turn              (no ring)

@: mighty, attractive
A: high mp 1
a: no special abilities


You were on level 2 of the Dungeon.
You visited 1 branch of the dungeon, and saw 2 of its levels.

You collected 139 gold pieces.

Inventory:

Hand Weapons
 a - a +0 flail (weapon)
 g - a +0 spear of venom
Armour
 b - a +0 scale mail (worn)
 c - a +0 kite shield (worn)
 m - a cursed +0 kite shield
Jewellery
 h - a cursed ring of teleportation {unknown}
 n - an uncursed ring of ice {unknown}
Scrolls
 f - a scroll of amnesia {unknown}
 j - a scroll of remove curse {unknown}
 o - a scroll of fear {unknown}
Potions
 l - a potion of curing


   Skills:
 + Level 3.2 Fighting
 * Level 3.0 Maces & Flails
 - Level 2.6 Armour
 - Level 2.6 Shields


You had 2 spell levels left.
You didn't know any spells.
Your spell library was empty.

Dungeon Overview and Level Annotations

Branches:
Dungeon (2/15)


Innate Abilities, Weirdness & Mutations

You have an increased reservoir of magic. (+10% MP)


Message History

The gnoll closely misses you. The adder bites you but does no damage.
It was a potion of curing.
You feel better. The adder bites you but does no damage.
The gnoll hits you from afar with a +0 halberd.
* * * LOW HITPOINT WARNING * * *
The adder barely misses you. The adder barely misses you.
The bat hits you but does no damage.
It was a potion of magic.
Magic courses through your body. The bat hits you but does no damage.
The adder bites you but does no damage.
It was a potion of degeneration.
There was something very wrong with that liquid.
You feel weakened.
You feel dopey.
You feel clumsy.
The gnoll hits you from afar with a +0 halberd.
* * * LOW HITPOINT WARNING * * *
The adder bites you but does no damage.
It was a potion of attraction.
You feel attractive to monsters. The adder bites you.
You die...

.................####.#.########
...>............................
.................####...........
.............................#
.###...###..............###.#
..###...###....#########.#...# #
.......g.).....# #####'#...# #
#####...###g..†#####.........# #
..........+..ggS@............# #
......#####...b#####.........####
......##........# #.........#...
.....!##........# ########...#...
......##........# <......#...#...
......##........# .......#.......
..$...##........# .......#..##...
...... #........# .............##
#............+.


You could see 3 gnolls, an adder and a bat.

Vanquished Creatures
  A gnoll (D:2)
  An adder (D:2)
  3 dart slugs (D:1)
  3 goblins
  2 hobgoblins (D:1)
  3 bats
  3 frilled lizards
  4 kobolds (D:1)
  4 rats (D:1)
24 creatures vanquished.

Notes
Turn   | Place    | Note
-------+----------+-------------------------------------------
     0 | D:1      | rhet the Demigod Fighter began the quest for the Orb.
     0 | D:1      | Reached XP level 1. HP: 18/18 MP: 3/3
   221 | D:1      | Reached XP level 2. HP: 20/25 MP: 4/4
   975 | D:2      | Reached XP level 3. HP: 21/31 MP: 5/5
  1155 | D:2      | Slain by an adder

Illustrated notes

Levels and vault maps discovered:
D:1:      amcnicky_arrival_gap_in_the_tavern_cellar, layout_basic
D:2:      layout_basic, grunt_temple_overflow_diamond, hex_large

Skill      XL: |  1  2  3 |
---------------+----------+-----
Maces & Flails | 2 3 |  3.0
Fighting       | 3 |  3.2
Armour         | |  2.6
Shields        | |  2.6

Action                   || total
-------------------------++-------
Melee: Flail             ||    89
  Use: Potion            ||     5
Armor: Scale mail        ||    42
Dodge: Dodged            ||    41
Block: Kite shield       ||    48
